 Dungeon Crawl Stone Soup version 0.29.0-4-gdea44cf6ec (webtiles) character file.

Game seed: 14990750327908559101

17 qw the Chopper (level 2, -4/17 HPs)
             Began as a Tengu Warper on Aug 28, 2022.
             Slain by a worm (9 damage)
             ... on level 2 of the Dungeon.
             The game lasted 00:00:05 (1048 turns).

qw the Chopper (Tengu Warper)                       Turns: 1048, Time: 00:00:05

Health: -4/17      AC:  4    Str: 11    XL:     2   Next: 62%
Magic:  6/6        EV: 11    Int: 13    God:
Gold:   39         SH:  0    Dex: 13    Spells: 5/5 levels left

rFire   . . .      SeeInvis .   Y - +0 hand axe
rCold   . . .      Faith    .   (no shield)
rNeg    . . .      Spirit   .   b - +0 leather armour
rPois   .          Reflect  .   (helmet restricted)
rElec   .          Harm     .   f - +0 cloak
rCorr   .          Rampage  .   (no gloves)
Will    .....                   (boots unavailable)
Stlth   +.........              (no amulet)
HPRegen 0.05/turn               (no ring)
MPRegen 0.10/turn               (no ring)

@: no status effects
A: beak, talons 3
a: no special abilities


You were on level 2 of the Dungeon.
You visited 1 branch of the dungeon, and saw 2 of its levels.

You collected 39 gold pieces.


Innate Abilities, Weirdness & Mutations

You have a beak for a mouth.
You have claws for feet.


   Skills:
 - Level 2.0 Fighting
 + Level 3.4 Axes
 - Level 1.0 Throwing
 - Level 1.1 Armour
 - Level 2.1 Dodging
 - Level 2.0 Spellcasting
 - Level 2.4 Translocations


You had 5 spell levels left.
You didn't know any spells.
Your spell library contained the following spells:

 Spells                   Type           Power      Damage    Failure   Level
 Blink                    Tloc           14%        N/A       19%         2
 Gell's Gravitas          Tloc           7%         N/A       36%         3
 Lesser Beckoning         Tloc           7%         N/A       36%         3
 Teleport Other           Tloc           7%         N/A       36%         3
 Manifold Assault         Tloc           7%         N/A       98%         5

Inventory:

Hand Weapons
 h - a +0 mace
 Y - a +0 hand axe (weapon)
Armour
 a - a +0 ring mail
 b - a +0 leather armour (worn)
 f - a +0 cloak (worn)
Potions
 d - a potion of might {unknown}

Dungeon Overview and Level Annotations

Branches:
Dungeon (2/15)

Altars:


Message History

a - a +0 ring mail
There is a stone staircase leading down here.
Found a helmet.
Enter note: You see here a +0 helmet.
A bat comes into view.
Found 6 gold pieces.
The bat barely misses you.
You hit the bat but do no damage.
The bat barely misses you. x2; The bat hits you but does no damage.
You hit the bat.
The bat is severely wounded.
The bat hits you but does no damage. The bat barely misses you. x2
You hit the bat.
You kill the bat!
You now have 39 gold pieces (gained 6).
A worm comes into view.
Enter note: You barely miss the worm.
You claw the worm. You peck the worm, but do no damage.
The worm is moderately wounded.
The worm bites you but does no damage.
You hit the worm.
The worm is heavily wounded.
You hit the worm.
The worm is severely wounded.
The worm completely misses you.
You hit the worm.
The worm is almost dead.
You hit the worm but do no damage. Your kick misses the worm.
The worm is almost dead.
The worm bites you.
You completely miss the worm. You peck the worm.
The worm is almost dead.
The worm bites you!
You hit the worm.
The worm is almost dead.
The worm bites you!
Ouch! That really hurt!
You die...

########
####......#
..#.####@# #.#.#
#w#
#######.#.####.#
#.#................
#.#.#######........
#.#.# #..###.##
#.#.# #..# #.#
#.#.# #..# #..
#.#.# #..#


You could see a worm.

Vanquished Creatures
  An endoplasm (D:1)
  A giant cockroach (D:1)
  2 goblins (D:1)
  2 hobgoblins (D:1)
  A quokka (D:1)
  3 ball pythons (D:1)
  3 bats
  A frilled lizard (D:1)
  A kobold (D:2)
  2 rats (D:1)
17 creatures vanquished.

Notes
Turn   | Place    | Note
-------+----------+-------------------------------------------
     0 | D:1      | qw the Tengu Warper began the quest for the Orb.
     0 | D:1      | Reached XP level 1. HP: 12/12 MP: 4/4
     0 | D:1      | 0 ||| qw: Version: 0.1-a-89-g26bdef1
     0 | D:1      | 0 ||| qw: Game counter: 2943
     0 | D:1      | 0 ||| qw: Always use a shield: true
     0 | D:1      | 0 ||| qw: God list: Okawaru
     0 | D:1      | 0 ||| qw: Allow faded altars: false
     0 | D:1      | 0 ||| qw: Do Orc after D:15 true
     0 | D:1      | 0 ||| qw: Do second Lair branch before Depths: true
     0 | D:1      | 0 ||| qw: Lair rune preference: random
     0 | D:1      | 0 ||| qw: Plans: Normal
     0 | D:1      | 0 ||| PLANNING D:1-11
   183 | D:1      | 183 ||| Stepping ~*~*~tactically~*~*~ (stealth).
   265 | D:1      | Reached skill level 3 in Axes
   265 | D:1      | Reached XP level 2. HP: 10/17 MP: 6/6
   757 | D:1      | Found a faded altar of an unknown god.
   923 | D:1      | 923 ||| UPGRADING to +0 cloak.
   928 | D:1      | 928 ||| READING scroll labelled BOHOBL NORGHIRI.
   929 | D:1      | 929 ||| READING scroll labelled NYELOCIRUA.
   930 | D:1      | 930 ||| DROPPING scroll of blinking.
  1048 | D:2      | Slain by a worm

Levels and vault maps discovered:
D:1:      matt_arrival_debris, layout_loops_cross,
          dilly_ecumenical_altar_fadedgnrine
D:2:      layout_loops_ring, serial_shops, shop

Skill      XL: |  1 |
---------------+----+-----
Axes           | 3 |  3.4
Fighting       | |  2.0
Throwing       | |  1.0
Armour         | |  1.1
Dodging        | |  2.1
Spellcasting   | |  2.0
Translocations | |  2.4

Action                   || total
-------------------------++-------
Melee: Hand axe          ||    40
       Kick              ||     6
       Peck              ||     8
Throw: Boomerang         ||     7
  Use: Scroll            ||     2
Armor: Leather armour    ||     9
Dodge: Dodged            ||    22

Table legend:
 A = Non-vault XP
 B = Vault XP
 C = Vault XP percentage of total XP
 D = Non-vault monster count
 E = Vault monster count
 F = Vault count percentage of total count
                 A         B        C        D         E       F
            +---------+---------+-------+---------+---------+-------
      Total |      25 |       0 |   0.0 |      17 |       0 |   0.0
            +---------+---------+-------+---------+---------+-------
        D:1 |      23 |       0 |   0.0 |      15 |       0 |   0.0
        D:2 |       2 |       0 |   0.0 |       2 |       0 |   0.0
            +---------+---------+-------+---------+---------+-------
